 Dungeon Crawl Stone Soup version 0.14-a0-2810-g474977d (webtiles) character file.

76 Michaellaneous the Magician (level 2, 11/15 HPs)
             Began as a Deep Elf Summoner on Feb 25, 2014.
             Quit the game on Level 2 of the Dungeon.
             The game lasted 00:06:53 (1268 turns).

Michaellaneous the Magician (Deep Elf Summoner)     Turns: 1268, Time: 00:06:53

HP  11/15        AC  2     Str  5      XL: 2   Next: 89%
MP   1/10        EV 13     Int 19      God:
Gold 50          SH  0     Dex 15      Spells:  1 memorised,  9 levels left

rFire  . . .     SeeInvis .     j - +0 club
rCold  . . .     Clarity  .     a - +0 elf robe
rNeg   . . .     Conserve .     (no shield)
rPois  .         rCorr    .     (no helmet)
rElec  .         rRot     .     (no cloak)
SustAb . .       Spirit   .     (no gloves)
rMut   .         Warding  .     (no boots)
Saprov . . .     Stasis   .     (no amulet)
MR     .....                    (no ring)
                                (no ring)

@: not resistant to hostile enchantments, fairly stealthy
A: no striking features
a: no special abilities


You were on level 2 of the Dungeon.
You were hungry.

You visited 1 branch of the dungeon, and saw 2 of its levels.

You collected 50 gold pieces.

Inventory:

Hand weapons
 j - a +0,+0 club (weapon)
Armour
 a - a +0 elven robe (worn)
 f - a +2 leather armour
 k - a +1 orcish robe
 l - a +0 elven buckler
Comestibles
 c - a bread ration
Scrolls
 d - a scroll of amnesia {unknown}
 e - a scroll of remove curse {unknown}
 g - a scroll of fog {unknown}
 h - a scroll of teleportation {unknown}
 m - a scroll of identify {unknown}
 n - a scroll of enchant armour {unknown}
Potions
 i - 2 potions of curing {unknown}
Books
 b - a book of Callings

   Spells                             Type                      Level
   *Summon Small Mammal               Summoning                    1
   Call Imp                           Summoning                    2
   Call Canine Familiar               Summoning                    3
   Summon Guardian Golem              Hexes/Summoning              4
   Summon Lightning Spire             Summoning/Air                4
   Summon Ice Beast                   Ice/Summoning                4


   Skills:
 - Level 2.4 Dodging
 - Level 2.4 Stealth
 * Level 4.6 Spellcasting
 - Level 4.4 Summonings


You had 9 spell levels left.
You knew the following spells:

 Your Spells              Type           Power        Failure   Level  Hunger
a - Summon Small Mammal   Summ           ###.         1%          1    None


Dungeon Overview and Level Annotations

Branches:
Dungeon (2/16)

Altars:
Xom


Message History

The jackal barely misses your quokka.
The jackal bites you but does no damage.
Your quokka misses the jackal. The jackal bites your quokka.
Your quokka closely misses the jackal.
The jackal barely misses your quokka. The jackal closely misses you.
Your quokka barely misses the jackal.
Your quokka bites the jackal.
Your rat misses the jackal. The jackal closely misses your quokka.
Your quokka closely misses the jackal.
The jackal misses your quokka.
Your quokka closely misses the jackal.
Your quokka barely misses the jackal.
The jackal bites your quokka.
Your quokka barely misses the jackal.
Your quokka misses the jackal. The jackal barely misses your quokka.
Your rat barely misses the jackal.
The jackal bites your quokka.
Your quokka bites the jackal.
The jackal dies!
The jackal barely misses you.
Your rat bites the jackal but does no damage.
The jackal barely misses you.
Are you sure you want to abandon this character and quit the game? (Confirm with "yes".) ..... #...###. #....... #%..... #....# #....# #!rrr#

..# #.rh.#
≈≈.. #..@.#
≈≈≈..#....#
≈≈≈≈≈.#....#
.≈≈≈≈...<..#
P♣≈≈≈≈....###
P♣≈≈≈≈......#
..≈≈≈≈....#.#
♣≈≈≈≈.....#.#
≈≈≈≈.#..## #


You could see a jackal, 3 friendly quokkas and a friendly rat.

Vanquished Creatures
  A kobold (D:1)
1 creature vanquished.

Vanquished Creatures (collateral kills)
  A giant mite (D:1)
  3 giant geckos
  An ooze (D:1)
  A giant cockroach (D:1)
  3 goblins (D:1)
  3 hobgoblins (D:1)
  6 jackals
  A ball python (D:1)
  3 bats (D:1)
  2 giant newts (D:1)
  2 kobolds (D:1)
  2 rats (D:1)
28 creatures vanquished.

Vanquished Creatures (others)
  9 quokkas (D:1)
  2 bats (D:1)
  5 rats
16 creatures vanquished.

Grand Total: 45 creatures vanquished

Notes
Turn   | Place    | Note
--------------------------------------------------------------
     0 | D:1      | Michaellaneous, the Deep Elf Summoner, began the quest for the Orb.
     0 | D:1      | Reached XP level 1. HP: 10/10 MP: 5/5
   195 | D:1      | Found a shimmering altar of Xom.
   205 | D:1      | Reached XP level 2. HP: 13/15 MP: 0/8
  1268 | D:2      | Quit the game

Action                   || total
-------------------------++-------
Melee: Unarmed           ||     2
       Club              ||    19
 Cast: Summon Small Mamm ||    87
